 Dungeon Crawl Stone Soup version 0.31-a0-700-gf13585253f (webtiles) character file.

Game seed: 1137073396393908488

38129 Zonian the Fighter (level 13, -1/133 HPs)
             Began as an Armataur Fighter on Sept 6, 2023.
             Was an Elder of Nemelex Xobeh.
             Slain by a death yak (15 damage)
             ... on level 5 of the Lair of Beasts on Sept 7, 2023.
             The game lasted 00:59:25 (25904 turns).

Zonian the Fighter (Armataur Fighter)              Turns: 25904, Time: 00:59:25

Health: -1/133     AC: 18    Str: 29    XL:     13   Next: 62%
Magic:  16/16      EV: 11    Int:  9    God:    Nemelex Xobeh [****..]
Gold:   711        SH:  5    Dex: 10    Spells: 12/12 levels left

rFire   + . .        J - +7 mace "Ynairph" {heavy, rF+}
rCold   . . .        c - +1 buckler
rNeg    . . .        F - +1 acid dragon scales
rPois   +            j - +0 helmet
rElec   .            h - scarf {shadows}
rCorr   +            q - +2 pair of gloves
SInv    +            p - +0 barding of the Circus Animal {Dex+2}
Will    .....        u - amulet of magic regeneration
Stlth   ++++         L - ring "Caiddeaca" {EV+5 Str+4 Dex-3 SInv Stlth+}
HPRegen 0.42/turn    B - ring of poison resistance
MPRegen 0.55/turn

%: roll
@: about to teleport
A: large, rugged brown scales 3, deformed body, armoured tail, roll, long
tongue, awkward tongue
a: Renounce Religion, Draw Escape, Draw Destruction, Draw Summoning, Triple
Draw, Deal Four


You were on level 5 of the Lair of Beasts.
You worshipped Nemelex Xobeh.
Nemelex Xobeh was greatly pleased with you.
You visited 3 branches of the dungeon, and saw 14 of its levels.

You collected 1063 gold pieces.
You spent 352 gold pieces at shops.

Inventory:

Hand Weapons
 D - a +1 glaive of flaming
 H - a +0 morningstar
 I - a +1 mace of venom
 J - the +7 mace "Ynairph" (weapon) {heavy, rF+}
   (You took it off a spriggan on level 5 of the Lair of Beasts)

   rF+:       It protects you from fire.
 K - the +5 glaive of the Guard {elec, spectral, AC+5}
   (You found it on level 4 of the Lair of Beasts)

   AC+5:      It affects your AC (+5).
Missiles
 C - 5 throwing nets
Armour
 b - a +0 scale mail
 c - a +1 buckler (worn)
 f - a +0 cloak
 h - a scarf of shadows (worn)
 j - a +0 helmet (worn)
 o - +0 ice dragon scales
 p - the +0 barding of the Circus Animal (worn) {Dex+2}
   (You acquired it on level 4 of the Dungeon)

   Dex+2:     It affects your dexterity (+2).
 q - a +2 pair of gloves (worn)
 t - a +0 tower shield
 F - +1 acid dragon scales (worn)
Jewellery
 a - a ring of flight
 e - a ring of protection from cold
 g - a ring of protection from cold
 u - an amulet of magic regeneration (around neck)
 y - a +4 ring of protection
 A - a ring of fire
 B - a ring of poison resistance (right hand)
 L - the ring "Caiddeaca" (left hand) {EV+5 Str+4 Dex-3 SInv Stlth+}
   (You found it on level 4 of the Lair of Beasts)

   [ring of evasion]

   EV+5:      It affects your evasion (+5).
   Str+4:     It affects your strength (+4).
   Dex-3:     It affects your dexterity (-3).
   SInv:      It lets you see invisible.
   Stlth+:    It makes you more stealthy.
Wands
 k - a wand of charming (6)
 r - a wand of iceblast (7)
 v - a wand of digging (1)
 x - a wand of mindburst (46)
 G - a wand of flame (11)
Scrolls
 n - a scroll of fog
 s - a scroll of teleportation
 z - 2 scrolls of immolation
 E - a scroll of poison
Potions
 d - a potion of might
 i - 5 potions of curing
 l - a potion of resistance
 m - a potion of haste
 w - a potion of berserk rage


   Skills:
 + Level 14.4 Fighting
 - Level 14.0 Maces & Flails
 - Level 6.1 Armour
 - Level 8.0 Stealth
 - Level 4.1 Shields
 - Level 4.0 Invocations
 - Level 4.0 Evocations


You had 12 spell levels left.
You didn't know any spells.
Your spell library contained the following spells:

 Spells                   Type           Power      Damage    Failure   Level
 Slow                     Hex            0%         N/A       50%         1
 Summon Small Mammal      Summ           0%         N/A       50%         1
 Poisonous Vapours        Pois/Air       0%         N/A       63%         2
 Call Canine Familiar     Summ           0%         N/A       86%         3
 Confusing Touch          Hex            0%         N/A       86%         3
 Inner Flame              Hex/Fire       0%         N/A       86%         3
 Mephitic Cloud           Conj/Pois/Air  0%         N/A       86%         3
 Stone Arrow              Conj/Erth      0%         3d7       86%         3
 Summon Guardian Golem    Hex/Summ       0%         N/A       86%         3
 Vampiric Draining        Necr           0%         2d6       86%         3
 Animate Armour           Summ/Erth      0%         N/A       99%         4
 Freezing Cloud           Conj/Ice/Air   0%         6-21      100%        5
 Yara's Violent Unravell  Hex/Tmut       0%         3d3       100%        5
 Enfeeble                 Hex            0%         N/A       100%        7
 Lehudib's Crystal Spear  Conj/Erth      0%         10d2      100%        8


Dungeon Overview and Level Annotations

Branches:
Dungeon (8/15)             Temple (1/1) D:5            Lair (5/5) D:8
 Spider (0/4) Lair:2        Slime (0/5) Lair:4
  Swamp: Lair:2-3    Shoals: Lair:2-3

Altars:
Ashenzari
Cheibriados
Dithmenos
Elyvilon
Fedhas
Gozag
Hepliaklqana
Kikubaaqudgha
Makhleb
Nemelex Xobeh
Okawaru
Qazlal
Ru
Sif Muna
Trog
Uskayaw
Vehumet
Wu Jian
Xom
Yredelemnul
Zin
The Shining One
Jiyva
Lugonu

Shops:
D:4 *   D:7 =

Portals:
Abyss: Lair:5

Annotations:
D:6 1 runed translucent door, Crazy Yiuf
Lair:3 exclusion: oklob plant


Innate Abilities, Weirdness & Mutations

You are completely covered in rugged brown scales. (AC +3, +7% HP)
Armour fits poorly on your strangely shaped body.
You have a long armoured tail.
You roll when moving toward enemies. (Rampage)
Your long tongue fully drains potion bottles. (2x potion effects)
Your tongue gives you trouble enunciating. (1.5x scroll delay)


Message History

* * * LOW HITPOINT WARNING * * *
You feel better.
You slurp down every last drop of the potion of curing!
The death yak misses you.
Unknown command.
You draw a card...
You have drawn Degeneration.
The blink frog evaporates and reforms as a tengu!
The tengu twists and deforms.
The yak evaporates and reforms as a black bear!
The black bear twists and deforms.
The yak evaporates and reforms as a queen bee!
The queen bee twists and deforms.
The yak evaporates and reforms as a harpy!
The harpy twists and deforms.
The basilisk evaporates and reforms as a hornet!
The hornet twists and deforms.
The blink frog evaporates and reforms as a hornet!
The hornet twists and deforms.
The yak evaporates and reforms as a meliai!
The meliai twists and deforms.
The blink frog evaporates and reforms as a warg!
The warg twists and deforms.
The yak evaporates and reforms as a harpy!
The harpy twists and deforms.
The meliai invokes the aid of its god against you.
Something smites you!
* * * LOW HITPOINT WARNING * * *
The death yak closely misses you.
Okay, then.
As you slowly read the scroll of teleportation, it crumbles to dust.
You feel strangely unstable.
The meliai invokes the aid of its god against you.
Something smites you!
* * * LOW HITPOINT WARNING * * *
The death yak misses you. The tengu hits you.
* * * LOW HITPOINT WARNING * * *
The tengu barely misses you. You block the tengu's attack.
The death yak gores you!
You die...
Your body glows with a rainbow of weird colours and disappears.

....Y....Y.YY.........
........FYY...........
......#..Y..##..F..###
....## ...P##YY.h.#..#
.... ..####yHy.÷.#.#
#÷yHYY....#
##Yh.#.#......
#Y######..... #@#
##..P #Q# .## #.# #
#÷# #.# ###


You could see 3 death yaks, 2 yaks, 2 harpies, a queen bee (misshapen), a raiju,
a blink frog, a hornet (misshapen), a black bear (misshapen), a meliai
(misshapen) and a tengu (misshapen).

Vanquished Creatures
  A rakshasa (Lair:2)
  A hydra (Lair:1)
  2 boulder beetles
  A two-headed ogre (D:8)
  2 death yaks (Lair:5)
  2 skysharks
  Pikel (D:7)
  2 black mambas
  Maggie (D:7)
  13 cane toads
  6 komodo dragons
  16 rime drakes
  5 polar bears
  12 blink frogs
  A spriggan (Lair:5)
  44 yaks
  8 basilisks
  A wyvern (D:6)
  6 steam dragons
  A death yak simulacrum (Lair:4)
  An acid dragon (Lair:2)
  16 water moccasins
  8 ice beasts
  3 orc warriors
  A sky beast (D:7)
  7 black bears
  4 ogres
  3 centaurs
  23 wolves
  2 phantoms
  4 lemures (D:7)
  3 kobold brigands
  14 bullfrogs
  3 scorpions
  A howler monkey (D:6)
  5 electric eels
  3 jellies
  3 hounds
  An orc priest (D:6)
  2 gnoll boudas (D:7)
  2 sleepcaps
  Ijyb (D:3)
  2 iguanas (D:5)
  2 orc wizards
  A polar bear simulacrum (Lair:4)
  21 gnolls
  6 adders
  A shadow imp (D:5)
  3 white imps (D:6)
  13 worms
  43 orcs
  5 endoplasms
  3 giant cockroaches
  5 goblins
  9 hobgoblins
  11 jackals
  5 quokkas
  6 ball pythons
  8 bats
  5 frilled lizards
  24 kobolds
  2 rats
411 creatures vanquished.

Vanquished Creatures (collateral kills)
  3 rime drakes (Lair:2)
  4 blink frogs (Lair:2)
  A yak (D:8)
  A steam dragon (Lair:2)
  A scorpion (D:4)
  An endoplasm (D:3)
11 creatures vanquished.

Vanquished Creatures (others)
  A yak (D:8)
  An orc (D:6)
2 creatures vanquished.

Grand Total: 424 creatures vanquished

Notes
Turn   | Place    | Note
-------+----------+-------------------------------------------
     0 | D:1      | Zonian the Armataur Fighter began the quest for the Orb.
     0 | D:1      | Reached XP level 1. HP: 19/19 MP: 1/1
   139 | D:1      | Reached XP level 2. HP: 26/26 MP: 2/2
   385 | D:1      | Reached XP level 3. HP: 31/33 MP: 3/3
  1383 | D:2      | Found a faded altar of an unknown god.
  1501 | D:2      | Reached XP level 4. HP: 28/40 MP: 4/4
  2355 | D:3      | Found a broken altar of Ashenzari.
  2355 | D:3      | You fall into a shaft and drop 3 floors!
  2361 | D:5      | Entered Level 5 of the Dungeon
  2397 | D:5      | Reached XP level 5. HP: 33/48 MP: 5/5
  2552 | D:5      | Found a staircase to the Ecumenical Temple.
  2574 | Temple   | Entered the Ecumenical Temple
  2653 | Temple   | Became a worshipper of Nemelex Xobeh the Trickster
  2737 | D:5      | Noticed a black bear
  2752 | D:4      | Identified a scroll of acquirement
  2752 | D:4      | Acquired the +0 barding of the Circus Animal {Dex+2}
  2775 | D:4      | Reached skill level 5 in Armour
  2798 | D:4      | Noticed an ogre
  2827 | D:5      | Killed a black bear
  2828 | D:5      | Reached XP level 6. HP: 53/55 MP: 6/6
  2924 | D:5      | Found an iron altar of Okawaru.
  2951 | D:5      | Found a hazy altar of Hepliaklqana.
  3562 | D:4      | Found Luedgh Naejua's Assorted Antiques.
  3566 | D:4      | Found a bloodstained altar of Trog.
  3569 | D:4      | Bought a scroll labelled XIDAG DUCWEWAK for 26 gold pieces
  3569 | D:4      | Bought a scroll labelled JOLIXI QIYTHI BYH for 26 gold
                  | pieces
  4379 | D:4      | Reached * piety under Nemelex Xobeh
  4439 | D:4      | Found a sacrificial altar of Ru.
  4783 | D:3      | Reached XP level 7. HP: 48/64 MP: 7/7
  4878 | D:3      | Noticed Ijyb
  4905 | D:3      | Received a gift from Nemelex Xobeh
  5244 | D:3      | Found an ancient bone altar of Kikubaaqudgha.
  5310 | D:3      | Killed Ijyb
  5510 | D:3      | Found a burning altar of Makhleb.
  5726 | D:4      | Reached skill level 1 in Stealth
  5873 | D:5      | Reached skill level 5 in Fighting
  6365 | D:6      | Reached ** piety under Nemelex Xobeh
  6387 | D:6      | Reached skill level 5 in Maces & Flails
  6387 | D:6      | Reached XP level 8. HP: 73/73 MP: 8/8
  7967 | D:6      | Reached skill level 5 in Stealth
  8186 | D:6      | Found a runed translucent door.
  8187 | D:6      | Noticed Crazy Yiuf
  8528 | D:6      | Found a shimmering blue altar of Sif Muna.
  8941 | D:7      | Received a gift from Nemelex Xobeh
  8964 | D:7      | Reached XP level 9. HP: 83/83 MP: 9/9
  9610 | D:7      | Found Hyijeoj's Jewellery Boutique.
  9616 | D:7      | Bought a ring of poison resistance for 300 gold pieces
  9835 | D:7      | Noticed Maggie
  9841 | D:7      | Killed Maggie
 10163 | D:8      | Noticed a rime drake
 10170 | D:8      | Noticed a two-headed ogre
 10191 | D:8      | Reached *** piety under Nemelex Xobeh
 10243 | D:8      | Received a gift from Nemelex Xobeh
 10244 | D:8      | Found a shimmering altar of Xom.
 10244 | D:8      | Found a glowing silver altar of Zin.
 10251 | D:8      | Found a hide-covered altar of Uskayaw.
 10251 | D:8      | Found an opulent altar of Gozag.
 10740 | D:7      | Noticed Pikel
 10800 | D:7      | Killed Pikel
 10801 | D:7      | Reached XP level 10. HP: 79/94 MP: 10/10
 11505 | D:8      | Found a staircase to the Lair.
 11758 | D:8      | Found a basalt altar of Yredelemnul.
 11844 | D:8      | Killed a two-headed ogre
 12543 | Lair:1   | Entered Level 1 of the Lair of Beasts
 12638 | Lair:1   | Reached skill level 10 in Fighting
 12849 | Lair:1   | Noticed a cane toad
 12856 | Lair:1   | Killed a cane toad
 12931 | Lair:1   | Noticed a six-headed hydra
 12938 | Lair:1   | Killed a six-headed hydra
 12939 | Lair:1   | Reached skill level 10 in Maces & Flails
 12939 | Lair:1   | Reached XP level 11. HP: 52/107 MP: 11/11
 12940 | Lair:1   | Noticed a boulder beetle
 13211 | Lair:1   | Killed a boulder beetle
 16711 | Lair:2   | Noticed a demonic crawler
 16728 | Lair:2   | a demonic crawler changed into a rakshasa
 16728 | Lair:2   | Noticed a rakshasa
 16744 | Lair:2   | Killed a rakshasa
 16745 | Lair:2   | Reached XP level 12. HP: 60/119 MP: 12/12
 17125 | Lair:2   | Reached **** piety under Nemelex Xobeh
 17595 | Lair:2   | Found a hole to the Spider Nest.
 18693 | Lair:2   | Identified the +2 robe of Arcadian Curiosity {Rampage Dex+4
                  | Archmagi}
 19691 | Lair:3   | Reached skill level 1 in Evocations
 20187 | Lair:3   | Received a gift from Nemelex Xobeh
 20718 | Lair:3   | Received a gift from Nemelex Xobeh
 21511 | Lair:3   | Reached skill level 1 in Invocations
 21511 | Lair:3   | Reached XP level 13. HP: 116/130 MP: 13/13
 22699 | Lair:3   | Upgraded the game from 0.31-a0-691-g409c26aa35 to
                  | 0.31-a0-700-gf13585253f
 23257 | Lair:4   | Found a frozen archway.
 23269 | Lair:4   | Found the +5 glaive of the Guard {elec, spectral, AC+5}
 23277 | Lair:4   | Received a gift from Nemelex Xobeh
 23743 | Lair:4   | Found a viscous altar of Jiyva.
 23743 | Lair:4   | Found a staircase to the Slime Pits.
 24115 | Lair:4   | Identified the ring "Caiddeaca" {EV+5 Str+4 Dex-3 SInv
                  | Stlth+}
 24399 | Lair:5   | Entered Level 5 of the Lair of Beasts
 24828 | Lair:5   | Found a one-way gate to the infinite horrors of the Abyss.
 24828 | Lair:5   | Found a corrupted altar of Lugonu.
 25297 | Lair:5   | Identified the +7 mace "Ynairph" {heavy, rF+}
 25904 | Lair:5   | Slain by a death yak

Illustrated notes

Levels and vault maps discovered:
D:1:      dpeg_arrival_tiny_k, layout_basic
D:2:      layout_loops_corners, hellmonk_ecumenical_altar_run_dry
D:3:      layout_loops_ring, lightli_temple_of_fire,
          nicolae_kikubaaqudgha_miasma_corner, amcnicky_altar_gilded, uniq_ijyb
D:4:      nicolae_cairo_tiling_large_dashed, layout_basic, bloody_trog,
          nicolae_ru_the_path_less_chosen, serial_shops, shop, nrook_campfire
D:5:      layout_loops_ring, kennysheep_mini_moat, lemuel_tele_altar,
          temple_doors_cd, nicolae_wormholes
D:6:      layout_rooms, mainiacjoe_overflow_concentric_impassable, minivault_19,
          hangedman_decor_clover_reticule, uniq_crazy_yiuf_cottage
D:7:      layout_loops_ring, nicolae_stop_n_shop_1, kennysheep_potato,
          uniq_maggie, uniq_pikel
D:8:      layout_basic, mainiacjoe_overflow_brackets,
          grunt_temple_overflow_open, hellmonk_lair_entry_icy, special_room
          [special_room_orc], grunt_ogre_cave
Temple:   nicolae_temple_ecumenical_triangle
Lair:1:   layout_loops_ring, pdpol_lair_cavern_descent, lemuel_fruit_fields,
          grunt_megastairs_4
Lair:2:   layout_gridlike, nicolae_spider_entry_non_spiders,
          bobbens_dragon_lair_wall
Lair:3:   layout_big_grid, minmay_shoals_entry_centaurs, dpeg_stationary_puzzle,
          infiniplex_staircase_pool, grunt_megastairs_5
Lair:4:   layout_long_grid, dpeg_slime_entry_enclosed,
          portal_ice_cave_entry_ice_simulacra
Lair:5:   hellmonk_lair_end_abyssal_woods, layout_misc_corridors

Skill      XL: |  1  2  3  4  5  6  7  8  9 10 11 12 13 |
---------------+----------------------------------------+-----
Maces & Flails | 2 3 4 5 6 7 10 11 13 14 | 14.0
Fighting       | 3 4 5 6 8 10 12 13 14 | 14.4
Armour         | 4 5 6 |  6.1
Shields        | 4 |  4.1
Stealth        | 3 6 8 |  8.0
Evocations     | 2 4 |  4.0
Invocations    | 1 4 |  4.0

Action                     |  1- 3 |  4- 6 |  7- 9 | 10-12 | 13-15 || total
---------------------------+-------+-------+-------+-------+-------++-------
  Melee: Flail             |   104 |   181 |   446 |    55 |       ||   786
         Tailslap          |    12 |    27 |    69 |   144 |    84 ||   336
         Mace              |       |       |       |   760 |   375 ||  1135
 Invoke: Draw Escape       |       |       |     2 |     2 |     4 ||     8
         Draw Destruction  |       |       |     1 |    12 |     3 ||    16
         Draw Summoning    |       |       |       |     1 |       ||     1
  Evoke: Wand              |       |     1 |    10 |    19 |     1 ||    31
    Use: Scroll            |     1 |     9 |     5 |     7 |     8 ||    30
         Potion            |       |       |       |     8 |     3 ||    11
   Stab: Sleeping          |       |       |     1 |     8 |     5 ||    14
         Distracted        |       |       |       |     1 |     1 ||     2
 Armour: Scale mail        |    92 |   154 |   362 |       |       ||   608
         Acid dragon scale |       |       |   107 |   893 |   356 ||  1356
  Dodge: Dodged            |    39 |    48 |    93 |   203 |   132 ||   515
  Block: Buckler           |    16 |    33 |   131 |   219 |   117 ||   516

Table legend: (Time is in decaauts)
 A = Elapsed time spent in this place.
 B = Non-inter-level travel time spent in this place.
 C = Inter-level travel time spent in this place.
 D = Time resting spent in this place.
 E = Time spent auto-exploring this place.
 F = Levels seen in this place.
 G = Mean time per level.
                   A        B        C        D        E       F      G
               +--------+--------+--------+--------+--------+-----+--------+
         Total |  25907 |  25313 |    594 |  11967 |   7626 |  14 | 1850.5 |
       Dungeon |  12634 |  12304 |    330 |   4187 |   5426 |   8 | 1579.2 |
        Temple |     84 |     79 |      5 |      0 |      0 |   1 |   84.0 |
          Lair |  13187 |  12929 |    258 |   7780 |   2200 |   5 | 2637.4 |
               +--------+--------+--------+--------+--------+-----+--------+

Top non-repeatable levels by time:
  Lair:1: 4942 daAuts
  Lair:2: 3083 daAuts
     D:5: 2498 daAuts
     D:7: 2299 daAuts
  Lair:3: 2037 daAuts
  Lair:4: 2022 daAuts
     D:4: 1779 daAuts
     D:8: 1539 daAuts
     D:2: 1415 daAuts
     D:6: 1213 daAuts
  Lair:5: 1103 daAuts
     D:1: 951 daAuts
     D:3: 936 daAuts
  Temple: 84 daAuts
